[Event "Titled Tuesday Blitz June 6 Late 2023"]
[White "Alexikov, Alexander"]
[Black "Melian, Juan Sebastian"]
[WhiteFideId "14103958"]
[BlackFideId "3706575"]
[WhiteElo "2186"]
[BlackElo "2092"]
[Result "1-0"]
[Round "4"]
[TimeControl "180+2"]
[Date "2023.06.07"]
[WhiteClock "0:00:06"]
[BlackClock "0:00:03"]
[Board "90"]

1. e4 c6 2. d3 d5 3. Nd2 g6 4. Ngf3 Bg7 5. g3 Bg4 6. h3 Bxf3 7. Qxf3 e6 8. Bg2 Nd7 9. Qe2 Ne7 10. c3 a5 11. d4 a4 12. a3 O-O 13. O-O Qb6 14. Kh2 Rfe8 15. f4 c5 16. dxc5 Nxc5 17. e5 Nc6 18. Nf3 Nb3 19. Be3 Qc7 20. Rad1 Bf8 21. Qf2 Ra6 22. g4 b6 23. Nd4 Ncxd4 24. cxd4 Ra7 25. Rd3 Qd7 26. Rc3 Rc8 27. Bd2 Rac7 28. Qe3 Nxd2 29. Qxd2 Rxc3 30. bxc3 Bxa3 31. Ra1 Bf8 32. f5 exf5 33. gxf5 Qxf5 34. Bxd5 Rc7 35. c4 a3 36. Qe2 Qf4+ 37. Kh1 Qxd4 38. Rd1 Qh4 39. Qf3 a2 40. e6 Bg7 41. exf7+ Kf8 42. Qa3+ Rc5 43. Qa8+ Ke7 44. Qe8+ Kf6 45. f8=Q+ Bxf8 46. Qxf8+ Ke5 47. Qf3 Ra5 48. Qc3+ Kf5 49. Rf1+ Kg5 50. Qd2+ Kh5 51. Bf3+ 1-0


[Site "https://www.chess.com"]

[Event "Titled Tuesday Blitz June 6 Late 2023"]
[White "ATM622"]
[Black "Arnold, Ken"]
[BlackFideId "2056836"]
[WhiteElo "2596"]
[BlackElo "2441"]
[Result "0-1"]
[Round "4"]
[TimeControl "180+2"]
[Date "2023.06.07"]
[WhiteClock "0:00:02"]
[BlackClock "0:00:33"]
[Board "91"]

1. d4 Nf6 2. c4 c5 3. d5 d6 4. Nc3 g6 5. g3 Bg7 6. Bg2 O-O 7. Nf3 e5 8. dxe6 Bxe6 9. Nd2 Nc6 10. O-O a6 11. Nd5 Bxd5 12. cxd5 Ne7 13. e4 Nd7 14. a4 b5 15. axb5 axb5 16. Rxa8 Qxa8 17. Qe2 c4 18. f4 Nc5 19. e5 Nf5 20. Ne4 Nd3 21. e6 fxe6 22. dxe6 d5 23. Ng5 Re8 24. Qf3 Qa7+ 25. Kh1 Ne7 26. f5 Nxf5 27. Qxd5 Qe7 28. Bd2 Rf8 29. Qxb5 Nxb2 30. Bb4 Qxg5 31. Qd7 Rb8 32. e7 Nxe7 33. Bxe7 Qe5 34. Bd6 Qe8 35. Bd5+ Kh8 36. Qf7 Qxf7 37. Rxf7 Rd8 38. Bc7 Rxd5 39. Kg2 Rd2+ 40. Kh3 h5 41. Re7 Nd3 42. Bd6 Kg8 43. Re8+ Kf7 44. Re7+ Kf6 45. Rd7 Nf2+ 46. Kh4 Rd4+ 47. g4 Rxg4# 0-1


[Site "https://www.chess.com"]

[Event "Titled Tuesday Blitz June 6 Late 2023"]
[White "Przybylski, Wojciech"]
[Black "reevecanada"]
[WhiteFideId "1117599"]
[WhiteElo "2228"]
[BlackElo "2586"]
[Result "0-1"]
[Round "4"]
[TimeControl "180+2"]
[Date "2023.06.07"]
[WhiteClock "0:00:04"]
[BlackClock "0:00:13"]
[Board "92"]

1. e4 c5 2. Nf3 d6 3. Bc4 Nc6 4. d3 Nf6 5. c3 e6 6. O-O Be7 7. Re1 O-O 8. a4 b6 9. h3 Bb7 10. Ba2 a6 11. Nbd2 b5 12. Bb1 Qb6 13. Qe2 Nd7 14. Nf1 Bf6 15. Be3 d5 16. Ng3 b4 17. Nh5 bxc3 18. Nxf6+ Nxf6 19. bxc3 Qa5 20. Bd2 Qc7 21. e5 Nd7 22. d4 Rfb8 23. Ng5 Nf8 24. Qd3 h6 25. Nh7 Ng6 26. h4 Kxh7 27. h5 Ne7 28. Qf3 Kg8 29. hxg6 Nxg6 30. Qg4 cxd4 31. cxd4 Bc8 32. Rc1 Qe7 33. Bxg6 fxg6 34. Qxg6 Kh8 35. Ba5 Rb7 36. Rc5 Bd7 37. Ra3 Rb1+ 38. Qxb1 Qh4 39. Qd1 Rf8 40. Rg3 Rf4 41. Rc7 Rxd4 42. Qe1 Be8 43. Rc8 Qh5 44. Rf3 Kh7 45. Rh3 Qg6 46. Rg3 Qh5 47. Rh3 Qg6 48. Bd2 Bxa4 49. Kh2 Rg4 50. g3 Re4 51. Qf1 Qf5 52. Bf4 Bb5 53. Qd1 Re2 54. Kg1 Qe4 55. Rh4 Re1+ 56. Qxe1 Qxe1+ 57. Kg2 Bf1+ 58. Kf3 Qe2# 0-1


[Site "https://www.chess.com"]

[Event "Titled Tuesday Blitz June 6 Late 2023"]
[White "marik_spb"]
[Black "Prado Lobo, Jonas"]
[BlackFideId "32050666"]
[WhiteElo "2426"]
[BlackElo "2322"]
[Result "1-0"]
[Round "4"]
[TimeControl "180+2"]
[Date "2023.06.07"]
[WhiteClock "0:00:22"]
[BlackClock "0:00:26"]
[Board "93"]

1. d4 g6 2. c4 Bg7 3. Nc3 d6 4. Nf3 Nd7 5. e4 e5 6. d5 a5 7. Bd3 Nc5 8. Be3 Nxd3+ 9. Qxd3 f5 10. Bg5 Nf6 11. O-O f4 12. c5 h6 13. Bxf6 Qxf6 14. cxd6 cxd6 15. Qb5+ Ke7 16. Rac1 g5 17. Na4 Kf7 18. Nb6 g4 19. Ne1 f3 20. Nxa8 fxg2 21. Nxg2 Kg6 22. Nb6 h5 23. Rxc8 h4 24. Rxh8 Bxh8 25. Qe8+ Kh6 26. Nd7 Qf3 27. Qxh8+ 1-0


[Site "https://www.chess.com"]

[Event "Titled Tuesday Blitz June 6 Late 2023"]
[White "Sargsyan, Anna M."]
[Black "Szyszylo, Rafal"]
[WhiteFideId "13308130"]
[BlackFideId "1109626"]
[WhiteElo "2284"]
[BlackElo "1951"]
[Result "1-0"]
[Round "4"]
[TimeControl "180+2"]
[Date "2023.06.07"]
[WhiteClock "0:01:20"]
[BlackClock "0:00:03"]
[Board "94"]

1. d4 d6 2. c4 g6 3. g3 Nf6 4. Bg2 Bg7 5. Nc3 O-O 6. Nf3 c6 7. O-O Qb6 8. e4 Bg4 9. h3 Bxf3 10. Bxf3 Nfd7 11. Be3 Qxb2 12. Qd3 Qa3 13. Rab1 Qa6 14. Be2 c5 15. Nb5 Qc6 16. d5 Qc8 17. f4 Nf6 18. Kh2 a6 19. Nc3 Nbd7 20. g4 Rb8 21. g5 Ne8 22. h4 Nc7 23. h5 e6 24. dxe6 Nxe6 25. Nd5 Re8 26. Kg3 Nd4 27. Bg4 Qc6 28. Rh1 Nf8 29. hxg6 fxg6 30. Rb6 Qa4 31. Rxd6 Qxa2 32. e5 b5 33. cxb5 Rxb5 34. Nc3 Rb3 35. Qc4+ Kh8 36. Nxa2 Rxe3+ 37. Kf2 1-0


[Site "https://www.chess.com"]

[Event "Titled Tuesday Blitz June 6 Late 2023"]
[White "Amanov, Zhanibek"]
[Black "Trifan, Andrei Ioan"]
[WhiteFideId "13700189"]
[BlackFideId "12967068"]
[WhiteElo "2134"]
[BlackElo "2208"]
[Result "0-1"]
[Round "4"]
[TimeControl "180+2"]
[Date "2023.06.07"]
[WhiteClock "0:00:03"]
[BlackClock "0:01:07"]
[Board "95"]

1. e4 e5 2. Nf3 Nc6 3. Bc4 Bc5 4. O-O d6 5. c3 Nf6 6. d4 Bb6 7. dxe5 dxe5 8. Qxd8+ Nxd8 9. Nxe5 Nxe4 10. Nd2 Nxd2 11. Bxd2 Be6 12. Rfe1 O-O 13. Bg5 f6 14. Bxe6+ Nxe6 15. Nd7 Nxg5 16. Nxf8 Kxf8 17. Rad1 Re8 18. Kf1 Rxe1+ 19. Rxe1 Kf7 20. Rd1 Ne4 21. Rd7+ Kg6 22. f3 Nc5 23. Rd8 Na4 24. Rd2 Nc5 25. Ke2 Kf5 26. g3 Ke6 27. Rd8 Na4 28. Rd2 h5 29. Kd3 Nc5+ 30. Kc4 Nd7 31. Re2+ Kf7 32. Kd3 Ne5+ 33. Ke4 g5 34. f4 gxf4 35. Kxf4 Bc5 36. Kf5 Bd6 37. h3 Nf3 38. g4 Nh4+ 39. Ke4 hxg4 40. hxg4 Kg6 41. Rf2 Kg5 42. Rf1 Be5 43. Rg1 Ng6 44. Kf3 Bd6 45. Rg2 Ne5+ 46. Ke4 Nxg4 47. Kf3 f5 48. Re2 Ne5+ 49. Kg2 f4 50. Rd2 Kg4 51. Rd4 Ng6 52. c4 Nh4+ 53. Kf1 Nf5 54. Rd5 Ne3+ 0-1


[Site "https://www.chess.com"]

[Event "Titled Tuesday Blitz June 6 Late 2023"]
[White "Novikov, Evgenij"]
[Black "Senft, Sean"]
[WhiteFideId "4125380"]
[BlackFideId "2044960"]
[WhiteElo "2242"]
[BlackElo "1989"]
[Result "1-0"]
[Round "4"]
[TimeControl "180+2"]
[Date "2023.06.07"]
[WhiteClock "0:00:05"]
[BlackClock "0:00:02"]
[Board "96"]

1. c4 c6 2. Nf3 d5 3. d4 Nf6 4. g3 Bf5 5. Bg2 e6 6. Qb3 Qc8 7. O-O Be7 8. Nc3 O-O 9. Nh4 Bg6 10. Nxg6 hxg6 11. e4 dxe4 12. Nxe4 Nxe4 13. Bxe4 Nd7 14. Bg2 Rd8 15. Be3 Qc7 16. Rac1 Qb6 17. Qc2 Nf6 18. d5 Bc5 19. Bxc5 Qxc5 20. dxe6 fxe6 21. Qxg6 Rd2 22. Bh3 Re8 23. Rc2 Rxc2 24. Qxc2 b5 25. Re1 e5 26. b3 e4 27. Re3 Nd5 28. Rxe4 Rxe4 29. Qxe4 Nf6 30. Be6+ Kf8 31. Qg6 Qe7 32. Qf5 Qd6 33. cxb5 cxb5 34. h3 a6 35. a4 bxa4 36. bxa4 Qd2 37. Qc5+ Ke8 38. Qc6+ Ke7 39. Bc4 a5 40. Qc7+ Ke8 41. Qxg7 Qc1+ 42. Kg2 Qxc4 43. Qxf6 Qe4+ 44. Qf3 Qxa4 45. h4 Qb5 46. g4 a4 47. Qa8+ Ke7 48. h5 Qb3 49. h6 a3 50. h7 Qc4 51. Qb7+ Ke6 52. Qb6+ Kf7 53. Qa7+ Ke6 54. Qe3+ Kf7 55. h8=Q Qxg4+ 56. Qg3 Qe4+ 57. Kh2 1-0


[Site "https://www.chess.com"]

[Event "Titled Tuesday Blitz June 6 Late 2023"]
[White "Djabri,Massinas"]
[Black "Krsnik Cohar, Ivan Vihor"]
[WhiteFideId "7905726"]
[BlackFideId "14520044"]
[WhiteElo "2194"]
[BlackElo "2414"]
[Result "0-1"]
[Round "4"]
[TimeControl "180+2"]
[Date "2023.06.07"]
[WhiteClock "0:00:40"]
[BlackClock "0:00:05"]
[Board "97"]

1. d4 Nf6 2. c4 e6 3. Nf3 Bb4+ 4. Bd2 Qe7 5. a3 Bxd2+ 6. Qxd2 b6 7. Nc3 Bb7 8. Qf4 d6 9. e4 e5 10. dxe5 dxe5 11. Qxe5 Qxe5 12. Nxe5 Nxe4 13. Nxe4 Bxe4 14. c5 O-O 15. O-O-O Nc6 16. Nxc6 Bxc6 17. f3 Rfd8 18. Bc4 bxc5 19. Rhe1 Rxd1+ 20. Kxd1 Re8 21. Rxe8+ Bxe8 22. Bd5 Kf8 23. Kd2 Ke7 24. Kc3 Kd6 25. Be4 h6 26. Kc4 a6 27. Bb7 Bb5+ 28. Kc3 g5 29. g3 Ke5 30. b3 f5 31. a4 Bf1 32. a5 f4 33. Be4 fxg3 34. hxg3 h5 35. Bb7 h4 36. f4+ Kf5 37. gxh4 gxh4 38. Kd2 Kxf4 39. Ke1 Bd3 40. Kd2 Be4 41. Bxa6 h3 0-1


[Site "https://www.chess.com"]

[Event "Titled Tuesday Blitz June 6 Late 2023"]
[White "Hajiyev, Kanan"]
[Black "Kohler, Aran"]
[WhiteFideId "13404148"]
[BlackFideId "1002856"]
[WhiteElo "2115"]
[BlackElo "2325"]
[Result "1-0"]
[Round "4"]
[TimeControl "180+2"]
[Date "2023.06.07"]
[WhiteClock "0:00:15"]
[BlackClock "0:00:11"]
[Board "98"]

1. d4 d5 2. c4 c6 3. cxd5 cxd5 4. Nc3 a6 5. Nf3 Nc6 6. Bg5 h6 7. Bh4 g5 8. Bg3 Bg7 9. e3 e6 10. h4 g4 11. Ne5 Nxe5 12. Bxe5 Bxe5 13. dxe5 h5 14. Be2 Ne7 15. f4 Qb6 16. Qd2 Nf5 17. Kf2 g3+ 18. Kf3 Rg8 19. Na4 Qd8 20. Bd3 Nxh4+ 21. Ke2 Bd7 22. Nc5 Bb5 23. Bxb5+ axb5 24. Nxb7 Qe7 25. Nd6+ Kf8 26. Rac1 Kg7 27. a3 Kh6 28. e4 Nxg2 29. f5+ Qg5 30. Nxf7+ Kh7 31. Nxg5+ 1-0


[Site "https://www.chess.com"]

[Event "Titled Tuesday Blitz June 6 Late 2023"]
[White "Camilla_Lee"]
[Black "Magallanes, Rey Jomar"]
[BlackFideId "5205948"]
[WhiteElo "2492"]
[BlackElo "2315"]
[Result "1-0"]
[Round "4"]
[TimeControl "180+2"]
[Date "2023.06.07"]
[WhiteClock "0:00:20"]
[BlackClock "0:00:49"]
[Board "99"]

1. e4 c5 2. Nf3 d6 3. d4 cxd4 4. Nxd4 Nf6 5. Nc3 a6 6. Bc4 e6 7. O-O Be7 8. Bb3 O-O 9. f4 Nc6 10. Nxc6 bxc6 11. e5 dxe5 12. fxe5 Nd5 13. Ne4 Qb6+ 14. Kh1 Ne3 15. Bxe3 Qxe3 16. Qg4 h5 17. Qf3 Qh6 18. Rad1 c5 19. Nf6+ gxf6 20. Qxa8 f5 21. Qf3 a5 22. Bc4 Qg7 23. Rd3 Qxe5 24. Qxh5 Bf6 25. Rg3+ Bg7 26. Qg5 Re8 27. c3 Kf8 28. Qe3 Qd6 29. Qd3 Qe5 30. Re3 Qf6 31. Qd6+ Kg8 32. Qxc5 Bb7 33. Qb5 Qe7 34. Rxf5 Rd8 35. Rf1 Ba8 36. Rg3 Rd2 37. Qxa5 Qb7 38. Qg5 Rxg2 39. Qxg7# 1-0


[Site "https://www.chess.com"]

[Event "Titled Tuesday Blitz June 6 Late 2023"]
[White "Torres Dominguez, David"]
[Black "Urbina Perez, Juan Antonio"]
[WhiteFideId "2220857"]
[BlackFideId "2217368"]
[WhiteElo "1999"]
[BlackElo "2197"]
[Result "1/2-1/2"]
[Round "4"]
[TimeControl "180+2"]
[Date "2023.06.07"]
[WhiteClock "0:00:25"]
[BlackClock "0:00:35"]
[Board "100"]

1. e4 e6 2. d4 d5 3. exd5 exd5 4. Bd3 Nf6 5. Nf3 Bd6 6. O-O O-O 7. h3 c6 8. Re1 Re8 9. Ne5 Nbd7 10. Nxd7 Bxd7 11. Rxe8+ Qxe8 12. Nc3 h6 13. Bd2 Qe7 14. Qf3 Re8 15. Re1 Qd8 16. Rxe8+ Bxe8 17. a3 Qe7 18. Qe2 Kf8 19. Qxe7+ Kxe7 20. f3 Bd7 21. Kf2 Ne8 22. Ne2 Nc7 23. Bf4 Ne6 24. Bxd6+ Kxd6 25. c3 b6 26. Bf5 Nc7 27. Bd3 c5 28. Ke3 g6 29. Bc2 c4 30. h4 b5 31. g4 a5 32. Ng3 b4 33. axb4 axb4 34. cxb4 Na6 35. b5 Bxb5 36. h5 Be8 37. g5 Ke7 38. gxh6 Kf8 39. hxg6 fxg6 40. Ne2 Nb4 41. Bb1 Kg8 42. Nf4 Kh7 43. Kd2 Bf7 44. Kc3 Nc6 45. Ba2 Kxh6 46. b3 cxb3 47. Bxb3 Ne7 48. Kd3 Kg5 49. Ng2 Kf5 50. Bc2 Kg5 51. Ke3 Nc6 52. Bb1 Ne7 53. Bc2 Nc8 54. Bd1 Nd6 55. f4+ Kf6 56. Bc2 Nc4+ 57. Kf3 Na5 58. Ne3 Nc6 59. Ng4+ Ke7 60. Ke3 Nb4 61. Bb1 Be8 62. Ne5 Kf6 63. Ng4+ Ke6 64. Ne5 Kf6 65. Ng4+ Ke6 66. Ne5 Kf6 1/2-1/2


[Site "https://www.chess.com"]

[Event "Titled Tuesday Blitz June 6 Late 2023"]
[White "Boder, Jan"]
[Black "Maksimovic, Bojan"]
[WhiteFideId "16243226"]
[BlackFideId "14408120"]
[WhiteElo "2241"]
[BlackElo "2457"]
[Result "0-1"]
[Round "4"]
[TimeControl "180+2"]
[Date "2023.06.07"]
[WhiteClock "0:00:04"]
[BlackClock "0:00:27"]
[Board "101"]

1. e4 e6 2. d4 c5 3. d5 exd5 4. exd5 d6 5. c4 Nf6 6. Nc3 Be7 7. Nf3 O-O 8. Bd3 Re8 9. O-O Nbd7 10. Re1 Nf8 11. h3 Ng6 12. b3 Nh5 13. Bb2 Bd7 14. Ne2 Bf6 15. Qc2 Bxb2 16. Qxb2 Nh4 17. Nxh4 Qxh4 18. Qc3 Re5 19. Ng3 Nxg3 20. fxg3 Qe7 21. Rxe5 dxe5 22. Re1 Re8 23. g4 b6 24. Bf5 Bxf5 25. gxf5 e4 26. g4 h5 27. Qg3 hxg4 28. Qxg4 e3 29. Qf4 e2 30. Kf2 a6 31. d6 Qe4 32. Qxe4 Rxe4 33. Rxe2 Rd4 34. Re8+ Kh7 35. Ra8 a5 36. Rd8 Kh6 37. h4 Kh7 38. d7 f6 39. Kg3 Rd3+ 40. Kg4 Rd4+ 41. Kf3 Rd3+ 42. Ke4 Rd4+ 43. Ke3 Rd6 44. Rb8 Rxd7 45. Rxb6 a4 46. bxa4 Ra7 47. Rb5 Rxa4 48. Rxc5 Rxa2 49. Rc7 Kg8 50. c5 Kf8 51. c6 Ke8 52. Rf7 Kxf7 53. c7 Rc2 54. Kd3 Rxc7 0-1


[Site "https://www.chess.com"]

[Event "Titled Tuesday Blitz June 6 Late 2023"]
[White "Do Valle Cardoso, Lucas"]
[Black "Ansh M Shah"]
[WhiteFideId "2163144"]
[BlackFideId "25033379"]
[WhiteElo "2364"]
[BlackElo "2084"]
[Result "1-0"]
[Round "4"]
[TimeControl "180+2"]
[Date "2023.06.07"]
[WhiteClock "0:00:22"]
[BlackClock "0:00:03"]
[Board "102"]

1. e4 c6 2. d4 d5 3. Nc3 dxe4 4. Nxe4 Bf5 5. Ng3 Bg6 6. h4 h6 7. h5 Bh7 8. Nf3 Nd7 9. Bd3 Bxd3 10. Qxd3 e6 11. Bd2 Ngf6 12. O-O-O Be7 13. Ne4 Nxe4 14. Qxe4 Nf6 15. Qe2 Qd5 16. Kb1 Qe4 17. Be3 b5 18. Ne5 O-O 19. f3 Qd5 20. g4 c5 21. Rhg1 Nh7 22. Qxb5 Rab8 23. Nc6 Bd6 24. Nxb8 Rxb8 25. Qa5 c4 26. Qxd5 exd5 27. c3 Ng5 28. Bxg5 hxg5 29. Kc2 a5 30. b3 Rc8 31. Rge1 Kf8 32. Rb1 cxb3+ 33. axb3 Bc7 34. Kd3 Bf4 35. Ra1 Ra8 36. Ra4 Kg8 37. b4 Rb8 38. Rxa5 Rc8 39. Rxd5 Ra8 40. Ra5 Rc8 41. c4 Rb8 42. b5 Rd8 43. c5 Bg3 44. Re2 1-0


[Site "https://www.chess.com"]

[Event "Titled Tuesday Blitz June 6 Late 2023"]
[White "Belov, Alexei"]
[Black "Dedona, Mark"]
[WhiteFideId "4128206"]
[BlackFideId "30920256"]
[WhiteElo "2638"]
[BlackElo "2074"]
[Result "1/2-1/2"]
[Round "4"]
[TimeControl "180+2"]
[Date "2023.06.07"]
[WhiteClock "0:00:21"]
[BlackClock "0:00:16"]
[Board "103"]

1. e4 c5 2. Nf3 d6 3. d4 cxd4 4. Nxd4 Nf6 5. Nc3 a6 6. Be2 e5 7. Nb3 Be7 8. O-O Be6 9. f4 exf4 10. Bxf4 O-O 11. Qe1 Nbd7 12. Rd1 Qc7 13. Qg3 Ne5 14. Kh1 Rad8 15. Nd4 Ng6 16. Bg5 h6 17. Bxf6 Bxf6 18. Rxf6 gxf6 19. Nf5 Kh7 20. Qh3 Bxf5 21. exf5 Nf4 22. Qf3 Nxe2 23. Qxe2 d5 24. Nxd5 Qe5 25. Qf3 Rd6 26. h3 Rfd8 27. c4 b5 28. b3 bxc4 29. bxc4 a5 30. Qh5 Kg7 31. Rd3 Rxd5 32. cxd5 Rxd5 33. Rxd5 Qxd5 34. Qg4+ Kh7 35. a4 Qc5 36. Qe4 Qe5 37. Qc4 Qe1+ 38. Kh2 Qe5+ 39. Kg1 Qe1+ 40. Qf1 Qb4 41. Qd1 Qc5+ 42. Kh1 Qxf5 43. Qb3 Qf1+ 44. Kh2 Qf4+ 45. Kh1 Kg7 46. Kg1 Qb4 47. Qg3+ Kh7 48. Qd3+ Kg7 49. Qg3+ Kf8 50. Qe3 Qxa4 51. Qxh6+ Ke7 52. Qe3+ Kd6 53. Qg3+ Ke6 54. h4 Qd4+ 55. Kf1 Qd1+ 56. Kf2 Qd2+ 57. Kf1 Qd1+ 58. Kf2 a4 59. Qe3+ Kf5 60. Qc5+ Kg6 61. Kg3 Qb3+ 62. Kh2 a3 63. h5+ Kg7 64. Qf5 a2 65. h6+ Kxh6 66. Qxf6+ Kh7 67. Qh4+ Kg7 68. Qg5+ Kf8 69. Qd8+ Kg7 70. Qg5+ Kh7 71. Qh5+ Kg8 72. Qg5+ Kh8 73. Qh5+ Kg7 74. Qg5+ 1/2-1/2


[Site "https://www.chess.com"]

[Event "Titled Tuesday Blitz June 6 Late 2023"]
[White "Ibadov, Dashgyn"]
[Black "zsizsi99"]
[WhiteFideId "24107514"]
[WhiteElo "2208"]
[BlackElo "2418"]
[Result "1-0"]
[Round "4"]
[TimeControl "180+2"]
[Date "2023.06.07"]
[WhiteClock "0:00:08"]
[BlackClock "0:00:10"]
[Board "104"]

1. d4 Nf6 2. Nf3 d5 3. Bf4 c5 4. e3 Nc6 5. Nbd2 e6 6. c3 Bd6 7. Ne5 O-O 8. Bd3 Qc7 9. Ndf3 Ne4 10. Nxc6 Bxf4 11. Nce5 Bxe5 12. dxe5 f5 13. exf6 Nxf6 14. c4 e5 15. Nd2 Ng4 16. Qc2 e4 17. Be2 Nxf2 18. Rf1 Qxh2 19. Nb3 Qxg2 20. cxd5 Bg4 21. d6 Bxe2 22. Qxe2 Nd3+ 23. Kd2 Rxf1 24. Qxg2 Rxa1 25. Qxe4 c4 26. d7 Kh8 27. Qe8+ 1-0


[Site "https://www.chess.com"]

[Event "Titled Tuesday Blitz June 6 Late 2023"]
[White "Schnaider, Ilan"]
[Black "Martin Barcelo, Carles"]
[WhiteFideId "169013"]
[BlackFideId "24561444"]
[WhiteElo "2224"]
[BlackElo "2089"]
[Result "1-0"]
[Round "4"]
[TimeControl "180+2"]
[Date "2023.06.07"]
[WhiteClock "0:00:15"]
[BlackClock "0:00:02"]
[Board "105"]

1. e4 d6 2. d4 Nf6 3. Nc3 e5 4. Nf3 Nbd7 5. Bc4 Be7 6. O-O O-O 7. Re1 c6 8. a4 b6 9. h3 a6 10. Bg5 Rb8 11. Bd3 b5 12. axb5 axb5 13. Ne2 Qc7 14. Ng3 exd4 15. Nf5 Nc5 16. Nxe7+ Qxe7 17. Nxd4 Bd7 18. Bf4 Ne6 19. Nf5 Qd8 20. Bxd6 Ng5 21. Be7 Qc7 22. Bd6 Qb6 23. Bxb8 Qxb8 24. e5 Nd5 25. Qh5 Qd8 26. h4 Bxf5 27. Bxf5 g6 28. Qxg5 Qxg5 29. hxg5 gxf5 30. e6 Rd8 31. exf7+ Kxf7 32. Ra7+ Kg6 33. Re6+ Kxg5 34. Rg7+ Kf4 35. Rxh7 Ra8 36. Rh3 Kg5 37. Rg3+ Kh5 38. Re5 Rf8 39. Re6 Ra8 40. Rxc6 Nf4 41. Kh2 1-0


[Site "https://www.chess.com"]

[Event "Titled Tuesday Blitz June 6 Late 2023"]
[White "Abrahamyan, Tatev"]
[Black "Abduzhaparov"]
[WhiteFideId "13301918"]
[WhiteElo "2342"]
[BlackElo "2407"]
[Result "1-0"]
[Round "4"]
[TimeControl "180+2"]
[Date "2023.06.07"]
[WhiteClock "0:00:25"]
[BlackClock "0:00:06"]
[Board "106"]

1. e4 d6 2. d4 Nf6 3. Nc3 e5 4. Nf3 Nbd7 5. Bc4 Be7 6. O-O O-O 7. a4 c6 8. Re1 b6 9. h3 a6 10. Bb3 Bb7 11. d5 cxd5 12. Nxd5 Rc8 13. c3 Nc5 14. Nxf6+ Bxf6 15. Bd5 Qc7 16. b4 Bxd5 17. exd5 Nd7 18. Bd2 Rfe8 19. Qe2 a5 20. Rac1 Qc4 21. Qxc4 Rxc4 22. Bg5 Rec8 23. Rb1 Rxc3 24. bxa5 bxa5 25. Rb7 Nc5 26. Rb6 Rxf3 27. gxf3 Bxg5 28. Rxd6 Nxa4 29. Rxe5 Bf4 30. Rc6 Rd8 31. Re4 Nc3 32. Rxc3 Bd6 33. Ra4 f5 34. Rd3 Bb4 35. Ra2 Rd6 36. Rc2 Kf7 37. Rc7+ Kf6 38. Ra7 h5 39. f4 g5 40. fxg5+ Kxg5 41. Kg2 Kf4 42. Rc7 Ke5 43. Re7+ Kf6 44. Re8 a4 45. Ra8 a3 46. Ra4 Bc5 47. Ra5 Bb6 48. Raxa3 Ke5 49. Ra1 f4 50. Re1+ Kf5 51. Kf3 h4 52. Re4 Bc7 53. Rxf4+ Kg5 54. Rg4+ Kh5 55. Rf4 Rg6 56. Rf5+ Kh6 57. d6 Bxd6 58. Rdd5 Kg7 59. Rg5 Be7 60. Rxg6+ Kxg6 61. Kg4 Kh6 62. f4 Kg6 63. Rh5 Bf6 64. f5+ Kg7 65. Rxh4 Bxh4 66. Kxh4 Kh6 67. Kg4 Kg7 68. h4 Kf7 69. Kg5 Kg7 70. h5 Kf7 71. h6 Kg8 72. Kg6 Kh8 73. f6 Kg8 74. f7+ Kf8 75. h7 1-0


[Site "https://www.chess.com"]

[Event "Titled Tuesday Blitz June 6 Late 2023"]
[White "Gomez Ledo, Roberto Carlos"]
[Black "Ozalp, Burak"]
[WhiteFideId "3507076"]
[BlackFideId "6314210"]
[WhiteElo "2378"]
[BlackElo "2106"]
[Result "1-0"]
[Round "4"]
[TimeControl "180+2"]
[Date "2023.06.07"]
[WhiteClock "0:00:19"]
[BlackClock "0:00:11"]
[Board "107"]

1. d4 Nf6 2. Bf4 g6 3. Nc3 d6 4. e4 c6 5. Qd2 b5 6. Bd3 Qa5 7. h3 Bg7 8. Bh6 Bxh6 9. Qxh6 b4 10. Nce2 Ba6 11. Nf3 Nbd7 12. O-O Bxd3 13. cxd3 Qh5 14. Qd2 O-O 15. Qxb4 Rab8 16. Qd2 Qb5 17. b3 c5 18. d5 a5 19. Rfd1 a4 20. Nc3 Qb4 21. Nxa4 Qb7 22. Nb2 Ra8 23. Nc4 Nb6 24. Qc2 Rfe8 25. Nfd2 Nxc4 26. dxc4 e6 27. Re1 e5 28. a3 Nh5 29. g3 Qe7 30. Nf3 Rf8 31. b4 f5 32. b5 fxe4 33. Qxe4 Nf6 34. Qh4 Ra4 35. Ng5 Nh5 36. Qg4 Kh8 37. b6 Qf6 38. Ne4 Qf5 39. Qxf5 gxf5 40. Nxd6 f4 41. g4 Nf6 42. b7 Nd7 43. Reb1 Rb8 44. Rb5 Ra6 45. Ne4 Rb6 46. Rxb6 Nxb6 47. Nxc5 Nxc4 48. a4 Na5 49. Rb1 Kg7 50. Rb5 Nxb7 51. Rxb7+ Rxb7 52. Nxb7 1-0


[Site "https://www.chess.com"]

[Event "Titled Tuesday Blitz June 6 Late 2023"]
[White "Zenin, Dmitry"]
[Black "Domingo Nunez, Ruben"]
[WhiteFideId "4127897"]
[BlackFideId "22245570"]
[WhiteElo "2215"]
[BlackElo "2404"]
[Result "0-1"]
[Round "4"]
[TimeControl "180+2"]
[Date "2023.06.07"]
[WhiteClock "0:00:59"]
[BlackClock "0:00:57"]
[Board "108"]

1. d4 b5 2. e4 Bb7 3. Bxb5 Bxe4 4. Nf3 c6 5. Bd3 Bxf3 6. Qxf3 d5 7. O-O e6 8. Bf4 Bd6 9. Nd2 Nf6 10. Nb3 Qc7 11. Bxd6 Qxd6 12. Rfe1 O-O 13. Rac1 Nbd7 14. c4 Rfc8 15. Qg3 Qb4 16. Rc3 a5 17. Re2 a4 18. a3 axb3 0-1


[Site "https://www.chess.com"]

[Event "Titled Tuesday Blitz June 6 Late 2023"]
[White "Mikhalsky, Vladimir"]
[Black "Di Berardino, Diego Rafael"]
[WhiteFideId "14144352"]
[BlackFideId "2105446"]
[WhiteElo "2236"]
[BlackElo "2426"]
[Result "1/2-1/2"]
[Round "4"]
[TimeControl "180+2"]
[Date "2023.06.07"]
[WhiteClock "0:00:05"]
[BlackClock "0:00:09"]
[Board "110"]

1. c4 e6 2. e4 d5 3. exd5 exd5 4. cxd5 Nf6 5. Bb5+ Nbd7 6. Nc3 Be7 7. g4 O-O 8. g5 Ne8 9. h4 Nd6 10. Bd3 Nc5 11. Bc2 Re8 12. Kf1 Bf5 13. d4 Nce4 14. Nge2 Bf8 15. Nf4 Qd7 16. Kg2 Nxc3 17. Bxf5 Qxf5 18. bxc3 Ne4 19. c4 Rad8 20. Qf3 c6 21. Qh3 Qxh3+ 22. Rxh3 cxd5 23. Nxd5 Rc8 24. Ne3 Nd6 25. Rb1 Nxc4 26. Rxb7 Nd6 27. Rb1 Rc6 28. Ba3 Rec8 29. Bxd6 Bxd6 30. Nf5 Bf8 31. d5 Ra6 32. Rd3 g6 33. Ne3 Rxa2 34. d6 Rd8 35. d7 Bc5 36. Kf3 Bxe3 37. fxe3 Kf8 38. Rb7 Ke7 39. Rd4 a5 40. Re4+ Kd6 41. Ra7 Kc6 42. Rc4+ Kb6 43. Rac7 a4 44. R7c6+ Kb5 45. R6c5+ Kb6 46. Rc6+ Kb7 47. Rc7+ Kb6 48. R7c6+ 1/2-1/2


[Site "https://www.chess.com"]

[Event "Titled Tuesday Blitz June 6 Late 2023"]
[White "ArtemDyachuk"]
[Black "Chabris, Christopher"]
[BlackFideId "2005263"]
[WhiteElo "2554"]
[BlackElo "2388"]
[Result "1-0"]
[Round "4"]
[TimeControl "180+2"]
[Date "2023.06.07"]
[WhiteClock "0:00:35"]
[BlackClock "0:00:18"]
[Board "111"]

1. Nf3 Nf6 2. c4 e6 3. e3 d5 4. b3 a5 5. cxd5 exd5 6. Bb2 Bd6 7. Qc2 a4 8. bxa4 Na6 9. a3 Nc5 10. Nc3 O-O 11. h3 Re8 12. Be2 Bd7 13. Ng5 Nfe4 14. h4 c6 15. Ncxe4 Nxe4 16. f3 Bg3+ 17. Kf1 Nxg5 18. hxg5 Qxg5 19. Qxh7+ Kf8 20. Bc3 b6 21. Rb1 Bf5 22. Bxg7+ Ke7 23. Bh6 Qf6 24. Bg7 Qg5 25. Bh6 Qf6 26. Bg7 Qe6 27. Qh5 Bxb1 28. Qg5+ Kd7 29. Qxg3 Bg6 30. Bd4 Rxa4 31. Bxb6 Rxa3 32. Qc7# 1-0


[Site "https://www.chess.com"]

[Event "Titled Tuesday Blitz June 6 Late 2023"]
[White "Spata, German"]
[Black "Ai, Evan"]
[WhiteFideId "113026"]
[BlackFideId "2094770"]
[WhiteElo "2260"]
[BlackElo "1963"]
[Result "0-1"]
[Round "4"]
[TimeControl "180+2"]
[Date "2023.06.07"]
[WhiteClock "0:00:57"]
[BlackClock "0:01:41"]
[Board "112"]

1. Nc3 d5 2. e4 d4 3. Nce2 e5 4. Ng3 g6 5. Bc4 h5 6. d3 h4 7. Nf1 Nf6 8. f4 Bg4 9. Nf3 h3 10. g3 Nbd7 11. Qe2 Nh5 12. Bd2 exf4 13. gxf4 Bh6 14. O-O-O Nxf4 15. Qf2 Qf6 16. Kb1 Nxd3 17. cxd3 Qxf3 18. Qxf3 Bxf3 19. Bxh6 Rxh6 20. Ng3 Bxh1 21. Rxh1 Ne5 0-1


[Site "https://www.chess.com"]